 Dungeon Crawl Stone Soup version 0.30-a0-782-ge64f9170bb (webtiles) character file.

Game seed: 8839514974242799508

394 duumipappa the Chopper (level 6, -1/51 HPs)
             Began as a Hill Orc Reaver on Feb 27, 2023.
             Was an Initiate of Gozag.
             Shot with an arrow by a centaur (8 damage)
             ... on level 8 of the Dungeon.
             The game lasted 00:45:02 (2529 turns).

duumipappa the Chopper (Hill Orc Reaver)            Turns: 2529, Time: 00:45:02

Health: -1/51      AC: 16    Str: 13 (15) XL:     6   Next: 82%
Magic:  0/8        EV:  8    Int: 14 (15) God:    Gozag
Gold:   277        SH:  0    Dex:  6 (9)  Spells: 5/8 levels left

rFire   x . .      SeeInvis .    l - +2 short sword (spect)
rCold   + + .      Faith    .    (no shield)
rNeg    . . .      Spirit   +    p - +0 ice dragon scales
rPois   .          Reflect  .    u - +0 helmet
rElec   .          Harm     .    q - +0 cloak
rCorr   +          Rampage  .    (no gloves)
Will    .....                    (no boots) Stlth
                                 g - amulet of guardian spirit
HPRegen 0.28/turn                n - ring of resist corrosion
MPRegen 0.11/turn                t - +4 ring of protection

@: no status effects
A: no striking features
a: Renounce Religion, Potion Petition, Call Merchant, Bribe Branch


You were on level 8 of the Dungeon.
You worshipped Gozag.
Gozag was aware of your devotion.
You visited 1 branch of the dungeon, and saw 6 of its levels.

You collected 508 gold pieces.
You paid 231 gold pieces to Gozag.

Inventory:

Hand Weapons
 a - a +0 hand axe
 c - a +0 dagger
 f - a +2 short sword of venom
 j - a +1 dagger of venom
 l - a +2 spectral short sword (weapon)
Missiles
 h - 11 stones (quivered)
 o - 6 boomerangs
Armour
 b - a +0 leather armour
 p - +0 ice dragon scales (worn)
 q - a +0 cloak (worn)
 u - a +0 helmet (worn)
Jewellery
 g - an amulet of guardian spirit (around neck)
 n - a ring of resist corrosion (left hand)
 t - a +4 ring of protection (right hand)
Wands
 s - a wand of acid (4)
 w - a wand of charming (4)
Scrolls
 e - a scroll of fear
 i - 2 scrolls of blinking
 m - a scroll of fog
 r - 2 scrolls of teleportation {unknown}
 v - a scroll of brand weapon
Potions
 d - 2 potions of curing
 k - a potion of flight {unknown}


   Skills:
 + Level 3.3 Fighting
 + Level 3.2 Short Blades
 + Level 4.8 Axes
 + Level 0.3 Throwing
 + Level 3.0 Armour
 + Level 2.5 Dodging
 + Level 1.4 Stealth
 + Level 1.8 Spellcasting
 + Level 3.4 Conjurations
 + Level 0.1 Evocations


You had 5 spell levels left.
You knew the following spells:

 Your Spells              Type           Power      Damage    Failure   Level
a - Kiss of Death         Conj/Necr      24%        2d7       58%         1
b - Momentum Strike       Conj/Tloc      12%        3d8       73%         2

Your spell library contained the following spells:

 Spells                   Type           Power      Damage    Failure   Level
 Apportation              Tloc           2%         N/A       83%         1
 Hailstorm                Conj/Ice       6%         3d4       91%         3
 Dispel Undead            Necr           1%         3d6       100%        4
 Alistair's Intoxication  Tmut/Pois      0%         N/A       100%        5
 Infestation              Necr           0%         N/A       100%        8


Dungeon Overview and Level Annotations

Branches:
Dungeon (8/15)
 Temple: D:4-7         Lair: D:8-11

Altars:
Gozag
Ru
Wu Jian
Beogh

Shops:
D:3 (


Message History

The gnoll shouts! x2
A gnoll bouda comes into view. It is wielding a +0 club.
The gnoll bouda shouts!
You hit something. Something hits you but does no damage.
You miss something.
The gnoll bouda barks out a call to the hunt!
The gnolls pick up the pace!
Something hits you but does no damage. Something hits you but does no damage.
Found a short sword.
The gnoll misses you.
The gnoll hits you from afar with a +4 halberd.
* * * LOW HITPOINT WARNING * * *
Blink to where?
Press: ? - help, Dir - move target
As you read the scroll of blinking, it crumbles to dust.
The two-headed ogre attacks as you move away!
The two-headed ogre hits you with a +0 giant spiked club.
* * * LOW HITPOINT WARNING * * *
The two-headed ogre hits you with a +0 dire flail!
* * * LOW HITPOINT WARNING * * *
Found a tiny filigree amulet.
Found a wand of charming (5).
Aiming: Charm
Press: ? - help, Shift-Dir - straight line, f - two-headed ogre
Aim: a two-headed ogre, wielding a +0 giant spiked club and a +0 dire flail (chance to affect: 31%)
The two-headed ogre is charmed.
The gnoll throws a throwing net.
The throwing net hits you.
You become entangled in the net!
You tear a large gash into the net.
The gnoll hits you from afar with a +0 spear.
* * * LOW HITPOINT WARNING * * *
Something hits your two-headed ogre. Something shocks your two-headed ogre.
Blink to where?
Press: ? - help, Dir - move target, p - two-headed ogre A centaur comes into view.
As you read the scroll of blinking, it crumbles to dust.
The centaur shouts!
The centaur wields a +0 shortbow.
The centaur shoots an arrow.
The arrow hits you!
You die...
Your body crumbles into a pile of gold.

.. ## . .. .### #.#
....# #.# #.#..# #.#
#.##..###.#
...####.###...#.###
.......@..........#
###........(O.g.<.#
#.........§g.>g.#####
#................g..#
..c../.....##g######g..
...≈~............ ...
~.~~≈~............ .g.
~~~≈≈~≈.............
... ≈≈≈~~~......... ...


You could see a centaur, 3 gnolls and a friendly two-headed ogre (charmed).

Vanquished Creatures
  A phantom (D:4)
  A scorpion (D:3)
  A hound (D:4)
  3 orc priests (D:3)
  An orc wizard (D:3)
  3 adders
  A worm (D:4)
  A dart slug (D:3)
  7 orcs
  8 ball pythons
  6 endoplasms
  3 giant cockroaches
  3 hobgoblins
  9 jackals
  7 kobolds
  6 quokkas
  6 bats
  4 frilled lizards
  4 goblins
  11 rats
86 creatures vanquished.

Vanquished Creatures (others)
  A plant (D:1)
1 creature vanquished.

Grand Total: 87 creatures vanquished

Notes
Turn   | Place    | Note
-------+----------+-------------------------------------------
     0 | D:1      | duumipappa the Hill Orc Reaver began the quest for the Orb.
     0 | D:1      | Reached XP level 1. HP: 18/18 MP: 3/3
    61 | D:1      | Reached XP level 2. HP: 11/23 MP: 4/4
   453 | D:1      | Reached XP level 3. HP: 23/28 MP: 5/5
   584 | D:1      | Got Yggauwk's Tome of the Puffball
   588 | D:1      | Learned a level 2 spell: Momentum Strike
   799 | D:2      | Found a faded altar of an unknown god.
   807 | D:2      | Prayed at the altar of an unknown god.
   807 | D:2      | Became a worshipper of Gozag Ym Sagoz the Greedy
  1050 | D:2      | Reached skill level 1 in Armour
  1059 | D:2      | Reached XP level 4. HP: 37/37 MP: 6/6
  1226 | D:3      | Noticed a scorpion
  1229 | D:3      | Reached skill level 1 in Short Blades
  1232 | D:3      | Killed a scorpion
  1233 | D:3      | Reached XP level 5. HP: 44/44 MP: 7/7
  1510 | D:3      | Found a roughly hewn altar of Beogh.
  1535 | D:3      | Reached skill level 1 in Stealth
  1540 | D:3      | Reached XP level 6. HP: 20/51 MP: 2/8
  1924 | D:3      | Found Kuchuably's Antique Weapon Shop.
  1993 | D:3      | Found an ornate altar of the Wu Jian Council.
  1993 | D:3      | Found a sacrificial altar of Ru.
  2447 | D:4      | You fall into a shaft and drop 3 floors!
  2452 | D:7      | Noticed an orc warrior
  2496 | D:7      | Identified the +2 dagger "Hob Yshroru" {chaos, rElec rC-
                  | Str+2 Int+8}
  2499 | D:7      | Noticed a sky beast
  2508 | D:7      | Noticed an ice beast
  2514 | D:8      | Noticed a two-headed ogre
  2529 | D:8      | Shot with an arrow by a centaur

Illustrated notes

Levels and vault maps discovered:
D:1:      lightli_arrival_statuegarden, layout_loops_ring,
          minmay_misc_feat_plants
D:2:      layout_basic, serial_shops, shop, ebering_ecumenical_altar_box,
          hangedman_decor_push
D:3:      layout_rooms, mainiacjoe_overflow_divided_tiny, serial_shops,
          nicolae_shop_waterfront, grunt_ministairs_11, skrybe_limestone_x,
          kennysheep_orc_chapel
D:4:      layout_layer_cave, hangedman_decor_peaks_small,
          nicolae_kite_square_tiling_tiny, chequers_serial_rivers_small_a
D:7:      layout_rooms
D:8:      statuecave_lemuel, layout_rooms, mainiacjoe_overflow_alcove_4,
          grunt_lair_entry_orc_guard_hut, abandoned_shop

Skill      XL: |  1  2  3  4  5  6 |
---------------+-------------------+-----
Armour         | 1 2 3 |  3.0
Short Blades   | 1 2 3 |  3.2
Dodging        | 2 |  2.5
Fighting       | 3 |  3.3
Stealth        | 1 |  1.4
Axes           | |  4.8
Throwing       | |  0.3
Spellcasting   | |  1.8
Conjurations   | |  3.4
Evocations     | |  0.1

Action                     |  1- 3 |  4- 6 || total
---------------------------+-------+-------++-------
  Melee: Hand axe          |    98 |       ||    98
         Short sword       |    40 |   124 ||   164
         Punch             |     1 |     1 ||     2
  Throw: Stone             |       |    23 ||    23
         Boomerang         |       |     1 ||     1
   Cast: Kiss of Death     |     2 |       ||     2
 Invoke: Potion Petition   |       |     1 ||     1
  Evoke: Wand              |       |     5 ||     5
    Use: Scroll            |     1 |     6 ||     7
         Potion            |       |     4 ||     4
 Armour: Leather armour    |    17 |       ||    17
         Scale mail        |    15 |       ||    15
         Ice dragon scales |     2 |    77 ||    79
  Dodge: Dodged            |    74 |    58 ||   132

Table legend: (Time is in decaauts)
 A = Elapsed time spent in this place.
 B = Non-inter-level travel time spent in this place.
 C = Inter-level travel time spent in this place.
 D = Time resting spent in this place.
 E = Time spent auto-exploring this place.
 F = Levels seen in this place.
 G = Mean time per level.
                   A        B        C        D        E       F      G
               +--------+--------+--------+--------+--------+-----+--------+
         Total |   2508 |   2308 |    200 |    273 |     55 |   6 |  418.0 |
       Dungeon |   2508 |   2308 |    200 |    273 |     55 |   6 |  418.0 |
               +--------+--------+--------+--------+--------+-----+--------+

Top non-repeatable levels by time:
     D:3: 912 daAuts
     D:1: 755 daAuts
     D:2: 424 daAuts
     D:4: 335 daAuts
     D:7: 66 daAuts
     D:8: 14 daAuts
